 Dungeon Crawl Stone Soup version 0.31-a0-960-g0fca184906 (webtiles) character file.

Game seed: 8731563655179420716

318 tilp the Sneak (level 6, -4/46 HPs)
             Began as a Vampire Enchanter on Oct 20, 2023.
             Slain by an iguana (13 damage)
             ... on level 4 of the Dungeon on Oct 23, 2023.
             The game lasted 00:06:15 (2826 turns).

tilp the Sneak (Vampire Enchanter)                  Turns: 2826, Time: 00:06:16

Health: -4/46      AC:  2    Str:  7    XL:     6   Next: 21%
Magic:  1/10       EV: 13    Int: 19    God:
Gold:   120        SH:  0    Dex: 15    Spells: 3/10 levels left

rFire   . . .        a - +2 dagger
rCold   . . .        (no shield)
rNeg    . . .        b - +0 robe
rPois   .            (no helmet)
rElec   .            k - scarf {shadows}
rCorr   .            (no gloves)
SInv    +            (no boots)
Will    .....        (no amulet)
Stlth   +++          (no ring)
HPRegen 0.47/turn    (no ring)
MPRegen 0.12/turn

%: no passive effects
@: healing quickly, invisible
A: alive, fangs 3, see invisible, vampiric 2
a: Exsanguinate


You were on level 4 of the Dungeon.
You visited 1 branch of the dungeon, and saw 4 of its levels.

You collected 120 gold pieces.

Inventory:

Hand Weapons
 a - a +2 dagger (weapon)
Missiles
 e - 45 stones
 p - 2 poisoned darts (quivered)
Armour
 b - a +0 robe (worn)
 k - a scarf of shadows (worn)
Jewellery
 h - a ring of ice
Scrolls
 g - a scroll of fog
 j - a scroll of teleportation
 o - a scroll of poison
Potions
 c - a potion of invisibility
 d - 3 potions of lignification
 f - a potion of brilliance
 i - a potion of magic {unknown}
 l - a potion of curing {unknown}
 m - 2 potions of resistance {unknown}
 q - a potion of berserk rage {unknown}
 r - a potion of heal wounds {unknown}


   Skills:
 * Level 2.7 Fighting
 * Level 3.4 Short Blades
 + Level 3.3 Dodging
 + Level 5.5 Stealth
 + Level 2.7 Spellcasting
 + Level 5.4 Hexes


You had 3 spell levels left.
You knew the following spells:

 Your Spells              Type           Power      Damage    Failure   Level
a - Ensorcelled Hibernat  Hex/Ice        24%        N/A       8%          2
b - Confusing Touch       Hex            23%        N/A       4%          3
c - Jinxbite              Hex            46%        N/A       2%          2

Your spell library contained the following spells:

 Spells                   Type           Power      Damage    Failure   Level
 Tukima's Dance           Hex            23%        N/A       4%          3
 Dazzling Flash           Conj/Hex       24%        N/A       16%         3
 Anguish                  Hex/Necr       6%         N/A       45%         4


Dungeon Overview and Level Annotations

Branches:
Dungeon (4/15)
 Temple: D:4-7

Altars:
Qazlal
Trog

Annotations:
D:3 Sigmund


Innate Abilities, Weirdness & Mutations

Your natural rate of healing is accelerated.
You have razor-sharp teeth.
You have supernaturally acute eyesight. (SInv)
You are afflicted with vampirism and can become a bat while bloodless.


Message History

Unknown command.
Unknown command.
You hear the slow rusting of a very distant drain.
You open the door. The iguana bites you!
* * * LOW HITPOINT WARNING * * *
You hear an angry growl.
Found 2 poisoned darts.
You hear a shout!
The iguana attacks as it pursues you! The iguana closely misses you.
There is an open door here.
Saving game... please wait.
You hear the sound of rushing water.
There is an entrance to a sewer on this level.
Hurry and find it before the portal rusts away!
Welcome back, tilp the Vampire Enchanter.
Press ? for a list of commands and other information.
Saving game... please wait.
You hear the sound of rushing water.
There is an entrance to a sewer on this level.
Hurry and find it before the portal rusts away!
Welcome back, tilp the Vampire Enchanter.
Press ? for a list of commands and other information.
You hear the sound of rushing water.
There is an entrance to a sewer on this level.
Hurry and find it before the portal rusts away!
Welcome back, tilp the Vampire Enchanter.
Press ? for a list of commands and other information.
Unknown command.
Unknown command.
Unknown command.
Unknown command.
You hear the sound of rushing water.
There is an entrance to a sewer on this level.
Hurry and find it before the portal rusts away!
Welcome back, tilp the Vampire Enchanter.
Press ? for a list of commands and other information.
Unknown command.
Press: ? - help, v - describe, . - travel
Here: an iguana The floor, spattered with blood.
Unknown command.
You fade into invisibility!
The iguana bites you!
You die...

#....# #....# ##
#....+ #.# #.(..#
#.#. #....+#.#.# #.
#....#.#.# #.#.
#@#.#.# #.#h#.
##l#.# #.#.#.#.
#.#.# #.#.#.#.#.
###'#+#†#.#.#.#.#.
#...†..#.#.#.#.#.#.
#......'#.#.#.#.#.#
#......#.#.#.#.#.#.
#......+#.#.#.#.#.#
#......#.#.#.#.#.#.


You could see an iguana (unable to see you).

Vanquished Creatures
  Edmund (D:4)
  An orc priest (D:3)
  Terence (D:2)
  5 adders
  A worm (D:2)
  A dart slug (D:1)
  7 orcs (D:3)
  6 ball pythons
  8 endoplasms
  3 giant cockroaches
  6 goblins
  7 hobgoblins
  7 jackals
  5 quokkas
  3 bats (D:1)
  3 frilled lizards
  5 kobolds
  4 rats
74 creatures vanquished.

Notes
Turn   | Place    | Note
-------+----------+-------------------------------------------
     0 | D:1      | tilp the Vampire Enchanter began the quest for the Orb.
     0 | D:1      | Reached XP level 1. HP: 13/13 MP: 3/3
   127 | D:1      | Reached XP level 2. HP: 14/20 MP: 5/5
   130 | D:1      | Learned a level 2 spell: Ensorcelled Hibernation
   562 | D:1      | Reached skill level 1 in Fighting
   660 | D:1      | Gained mutation: You are afflicted with vampirism and can
                  | become a bat while bloodless. [Vampire growth]
   660 | D:1      | Reached XP level 3. HP: 21/26 MP: 6/6
  1092 | D:2      | Noticed Terence
  1096 | D:2      | Killed Terence
  1097 | D:2      | Reached XP level 4. HP: 32/32 MP: 7/7
  1283 | D:2      | Learned a level 3 spell: Confusing Touch
  1415 | D:2      | Reached skill level 5 in Hexes
  1748 | D:3      | Noticed Sigmund
  1785 | D:3      | Reached skill level 5 in Stealth
  2068 | D:3      | Reached XP level 5. HP: 38/38 MP: 8/8
  2408 | D:3      | Found a stormy altar of Qazlal.
  2749 | D:3      | Learned a level 2 spell: Jinxbite
  2770 | D:4      | Noticed Edmund
  2781 | D:4      | Found a bloodstained altar of Trog.
  2790 | D:4      | Killed Edmund
  2791 | D:4      | Reached XP level 6. HP: 22/46 MP: 3/10
  2826 | D:4      | Upgraded the game from 0.31-a0-940-gdaa99269f9 to
                  | 0.31-a0-960-g0fca184906
  2826 | D:4      | Slain by an iguana

Illustrated notes

Levels and vault maps discovered:
D:1:      dpeg_arrival_arbitrary_c, layout_loops_ring
D:2:      layout_loops_cross, uniq_terence
D:3:      layout_basic, nicolae_qazlal_eye_of_the_storm, uniq_sigmund
D:4:      layout_basic, bloody_trog, nicolae_overflow_squiral,
          portal_sewer_entry_c, nicolae_shop_vocational, uniq_edmund

Skill      XL: |  1  2  3  4  5 |
---------------+----------------+-----
Fighting       | 1 2 |  2.7
Short Blades   | 2 3 |  3.4
Hexes          | 5 |  5.4
Stealth        | 5 |  5.5
Dodging        | 3 |  3.3
Spellcasting   | |  2.7

Action                     |  1- 3 |  4- 6 || total
---------------------------+-------+-------++-------
  Melee: Dagger            |    92 |   101 ||   193
         Bite              |    10 |    12 ||    22
         Punch             |     1 |     1 ||     2
   Cast: Ensorcelled Hiber |     4 |    26 ||    30
         Confusing Touch   |       |     1 ||     1
    Use: Scroll            |     2 |     6 ||     8
         Potion            |       |     1 ||     1
   Stab: Sleeping          |    16 |    19 ||    35
         Confused          |       |     3 ||     3
 Armour: Robe              |    33 |    51 ||    84
  Dodge: Dodged            |    36 |    60 ||    96

Table legend: (Time is in decaauts)
 A = Elapsed time spent in this place.
 B = Non-inter-level travel time spent in this place.
 C = Inter-level travel time spent in this place.
 D = Time resting spent in this place.
 E = Time spent auto-exploring this place.
 F = Levels seen in this place.
 G = Mean time per level.
                   A        B        C        D        E       F      G
               +--------+--------+--------+--------+--------+-----+--------+
         Total |   2807 |   2678 |    129 |    235 |   1910 |   4 |  701.8 |
       Dungeon |   2807 |   2678 |    129 |    235 |   1910 |   4 |  701.8 |
               +--------+--------+--------+--------+--------+-----+--------+

Top non-repeatable levels by time:
     D:2: 1124 daAuts
     D:3: 907 daAuts
     D:1: 722 daAuts
     D:4: 53 daAuts
